 Dungeon Crawl Stone Soup version 0.22.1-5-g62c59d9 (webtiles) character file.

583 infcreate the Conjurer (level 7, -13/36 HPs)
             Began as a Deep Elf Conjurer on Jan 12, 2019.
             Was an Initiate of Vehumet.
             Mangled by an ogre
             ... wielding a +0 giant spiked club
              (24 damage)
             ... on level 4 of the Dungeon.
             The game lasted 00:18:22 (4141 turns).

infcreate the Conjurer (Deep Elf Conjurer)          Turns: 4141, Time: 00:18:22

Health: -13/36     AC:  3    Str:  5    XL:     7   Next: 14%
Magic:  9/19       EV: 13    Int: 22    God:    Vehumet [......]
Gold:   235        SH:  0    Dex: 15    Spells: 8/19 levels left

rFire    . . .     SeeInvis .   (no weapon)
rCold    . . .     Gourm    .   (no shield)
rNeg     . . .     Faith    .   a - +0 robe
rPois    .         Spirit   .   o - +0 helmet
rElec    .         Reflect  .   (no cloak)
rCorr    .         Harm     .   (no gloves)
MR       .....                  (no boots)
Stlth    +++.......             (no amulet)
HPRegen  0.12/turn              (no ring)
MPRegen  0.16/turn              (no ring)

@: no status effects
A: no striking features
a: Renounce Religion


You were on level 4 of the Dungeon.
You worshipped Vehumet.
Vehumet was noncommittal.
You were hungry.

You visited 1 branch of the dungeon, and saw 4 of its levels.

You collected 235 gold pieces.

Inventory:

Armour
 a - a +0 robe (worn)
 o - a +0 helmet (worn)
Wands
 n - a wand of flame (12)
Scrolls
 e - 3 scrolls of identify {unknown}
 f - 5 scrolls of remove curse {unknown}
 g - a scroll of enchant weapon {unknown}
 h - 4 scrolls of teleportation {unknown}
 i - 3 scrolls of blinking {unknown}
 j - a scroll of enchant armour {unknown}
Potions
 b - a potion of agility {unknown}
 d - 2 potions of curing {unknown}
 k - a potion of degeneration {unknown}
 l - 2 potions of heal wounds {unknown}
 m - a potion of haste {unknown}
 p - 2 potions of brilliance {unknown}
Comestibles
 c - 6 rations


   Skills:
 + Level 3.2 Dodging
 + Level 4.0 Stealth
 + Level 6.7 Spellcasting
 + Level 7.2 Conjurations


You had 8 spell levels left.
You knew the following spells:

 Your Spells              Type           Power        Failure   Level  Hunger
a - Magic Dart            Conj           ####         1%          1    None
b - Searing Ray           Conj           #####.       1%          2    None
c - Iskenderun's Mystic   Conj           #####...     4%          4    ###....
d - Fulminant Prism       Conj/Hex       ###.......   19%         4    ###....

Your spell library contained the following spells:

 Spells                   Type           Power        Failure   Level  Hunger
 Dazzling Spray           Conj/Hex       ###...       6%          3    #......
 Force Lance              Conj/Tloc      ###.....     19%         4    ###....


Dungeon Overview and Level Annotations

Branches:
Dungeon (4/15)
 Temple: D:4-7

Altars:
Vehumet


Message History

Aiming: Searing Ray (safe; 1% risk of failure)
Press: ? - help, Shift-Dir - straight line, f/p - ogre
Aim: an ogre, wielding a giant spiked club (lightly wounded)
The searing ray hits the orc wizard.
The orc wizard is severely wounded. (Press . to maintain the ray.)
The orc wizard hits you with a dagger.
The searing ray hits the orc wizard.
You kill the orc wizard!
Vehumet accepts your kill.
Your Stealth skill increases to level 4!
The ogre barely misses you.
The searing ray hits the ogre.
The ogre is moderately wounded.
The searing ray hits the ogre.
The ogre is almost dead.
You finish channeling your searing ray.
The ogre hits you with a giant spiked club!!
Ouch! That really hurt!
You die...

####.....# #[..#
#........# #...#
#........#########...#
#....###.............#
#....# #.............#
#....###.....(.......#
#...................####
#.......................
#......@................
#.....#O#####'##########
####..#.....)...........
#..#...).............
#..#.................
#..#..###############
#..#..# #..#..# #.)#..#


You could see an ogre.

Vanquished Creatures
  Menkaure (D:4)
  Blork the orc (D:4)
  A scorpion (D:4)
  A hound (D:4)
  2 orc wizards
  3 worker ants (D:4)
  Robin (D:4)
  6 adders
  A worm (D:2)
  11 dart slugs
  6 leopard geckos
  7 orcs
  4 bats
  4 giant cockroaches
  19 goblins
  10 hobgoblins
  2 quokkas (D:2)
  2 frilled lizards
  4 kobolds
  7 rats
93 creatures vanquished.

Notes
Turn   | Place    | Note
-------+----------+-------------------------------------------
     0 | D:1      | infcreate the Deep Elf Conjurer began the quest for the
                  | Orb.
     0 | D:1      | Reached XP level 1. HP: 10/10 MP: 6/6
   433 | D:1      | Reached XP level 2. HP: 15/15 MP: 4/8
   437 | D:1      | Learned a level 2 spell: Searing Ray
   448 | D:1      | Reached skill level 5 in Conjurations
   659 | D:1      | You fall through a shaft!
   828 | D:2      | Reached XP level 3. HP: 19/19 MP: 3/9
  1883 | D:3      | Reached XP level 4. HP: 24/24 MP: 7/11
  2197 | D:3      | Reached skill level 6 in Conjurations
  2382 | D:3      | You fall through a shaft!
  2382 | D:4      | Noticed Menkaure
  2382 | D:4      | Noticed an ogre
  2399 | D:4      | Killed Menkaure
  2399 | D:4      | Reached skill level 5 in Spellcasting
  2399 | D:4      | Reached XP level 5. HP: 22/28 MP: 4/14
  2457 | D:4      | Reached XP level 6. HP: 13/32 MP: 0/16
  2768 | D:4      | Noticed Robin
  2780 | D:4      | Killed Robin
  2920 | D:4      | Learned a level 4 spell: Iskenderun's Mystic Blast
  2925 | D:4      | Learned a level 4 spell: Fulminant Prism
  3081 | D:3      | Found a radiant altar of Vehumet.
  3087 | D:3      | Became a worshipper of Vehumet
  3254 | D:4      | Noticed Blork the orc
  3503 | D:4      | Killed Blork the orc
  3503 | D:4      | Reached skill level 7 in Conjurations
  3889 | D:4      | Reached XP level 7. HP: 33/36 MP: 8/18
  4141 | D:4      | Mangled by an ogre

Skill      XL: |  1  2  3  4  5  6  7 |
---------------+----------------------+-----
Conjurations   | 5 6 7 |  7.2
Spellcasting   | 5 6 |  6.7
Stealth        | 3 4 |  4.0
Dodging        | 3 |  3.2

Action                   |  1- 3 |  4- 6 |  7- 9 || total
-------------------------+-------+-------+-------++-------
Melee: Unarmed           |       |     2 |     1 ||     3
 Cast: Magic Dart        |    78 |   103 |     5 ||   186
       Searing Ray       |     1 |    10 |     3 ||    14
       Iskenderun's Myst |       |       |     4 ||     4
  Eat: Chunk             |     3 |     3 |       ||     6
       Ration            |       |     1 |       ||     1
Armor: Robe              |     2 |     1 |     1 ||     4
Dodge: Dodged            |     3 |    18 |     3 ||    24
